 Dungeon Crawl Stone Soup version 0.31.0 (webtiles) character file.

Game seed: 8828979894163313513

8687 qw the Skirmisher (level 11, -6/72 HPs)
             Began as a Gargoyle Hunter on Jan 19, 2024.
             Was a Priest of Okawaru.
             Mangled by an orange demon (10 damage)
             ... led by Amaemon
             ... on level 2 of the Lair of Beasts.
             The game lasted 00:01:02 (6393 turns).

qw the Skirmisher (Gargoyle Hunter)                 Turns: 6393, Time: 00:01:03

Health: -6/72      AC: 21    Str: 15    XL:     11   Next: 34%
Magic:  14/14      EV: 13    Int: 10    God:    Okawaru [***...]
Gold:   178        SH:  0    Dex: 17    Spells: 10/10 levels left

rFire   . . .        o - +0 orcbow
rCold   . . .        (shield currently unavailable)
rNeg    + . .        j - +3 leather armour "Coah" {Regen+}
rPois   inf          b - +1 helmet
rElec   +            (no cloak)
rCorr   +            g - +1 pair of gloves
SInv    .            d - +2 pair of boots
Will    .....        (no amulet)
Stlth   ++           m - ring of resist corrosion
HPRegen 1.12/turn    (no ring)
MPRegen 0.14/turn

%: no passive effects
@: about to teleport
A: sickness immunity, AC +8, negative energy resistance 1, electricity
resistance, torment resistance 1, petrification resistance
a: Renounce Religion, Heroism


You were on level 2 of the Lair of Beasts.
You worshipped Okawaru.
Okawaru was most pleased with you.
You visited 3 branches of the dungeon, and saw 11 of its levels.

You collected 438 gold pieces.
You spent 260 gold pieces at shops.


Innate Abilities, Weirdness & Mutations

You are immune to sickness and miasma.
Your stone body is resilient. (AC +8)
You are immune to poison.
You resist negative energy. (rN+)
You are resistant to electric shocks. (rElec)
You are resistant to unholy torment.
You are immune to petrification.


   Skills:
 + Level 9.7 Fighting
 - Level 14.0 Ranged Weapons
 - Level 3.0 Armour
 - Level 4.0 Dodging
 - Level 1.1 Stealth
 - Level 4.0 Invocations


You had 10 spell levels left.
You didn't know any spells.
Your spell library was empty.

Inventory:

Hand Weapons
 o - a +0 orcbow (weapon)
Armour
 b - a +1 helmet (worn)
 d - a +2 pair of boots (worn)
 g - a +1 pair of gloves (worn)
 j - the +3 leather armour "Coah" (worn) {Regen+}
   (You took it off a hobgoblin on level 3 of the Dungeon)

   Regen+:    It increases your rate of health regeneration.
Jewellery
 m - a ring of resist corrosion (left hand)
 r - a ring of fire
Wands
 a - a wand of mindburst (11)
Scrolls
 l - 3 scrolls of teleportation
 n - 3 scrolls of identify
Potions
 c - a potion of resistance
 e - a potion of might
 f - 2 potions of curing
 h - 2 potions of mutation
 i - 3 potions of enlightenment
 k - a potion of haste

Dungeon Overview and Level Annotations

Branches:
Dungeon (8/15)             Temple (1/1) D:4            Lair (2/5) D:8
 Spider (0/4) Lair:2
  Swamp: Lair:2-3    Shoals: Lair:2-3

Altars:
Ashenzari
Cheibriados
Dithmenos
Elyvilon
Fedhas
Kikubaaqudgha
Makhleb
Nemelex Xobeh
Okawaru
Qazlal
Ru
Sif Muna
Trog
Uskayaw
Vehumet
Xom
Yredelemnul
Zin
The Shining One

Shops:
D:6 =   D:8 (

Portals:
Bailey: D:8

Annotations:
D:4 Eustachio
D:7 3 runed translucent doors, qw's ghost, novice GrHu
Lair:2 Amaemon


Message History

The water moccasin attacks as it pursues you!
The water moccasin bites you but does no damage.
The cane toad attacks as it pursues you!
The cane toad stings you!
Amaemon points at the orange demon and mumbles some strange words.
The orange demon's venom grows more potent.
The orange demon stings you but does no damage.
The water moccasin bites you.
6389 ||| RETREEEEATING.
The water moccasin attacks as it pursues you!
The water moccasin bites you but does no damage.
Amaemon casts a spell at the water moccasin.
The water moccasin's venom grows more potent.
The orange demon attacks as it pursues you!
The orange demon stings you but does no damage.
The water moccasin bites you but does no damage.
You see here 4 poisoned darts.
6390 ||| RETREEEEATING.
The water moccasin bites you. The orange demon stings you from afar!
You resist.
The water moccasin attacks as it pursues you!
The water moccasin bites you but does no damage.
The water moccasin bites you.
6391 ||| READING 4 scrolls of teleportation.
As you read the scroll of teleportation, it crumbles to dust.
You feel strangely unstable. The water moccasin bites you. You resist.
The orange demon stings you but does no damage.
The water moccasin barely misses you.
You shoot an arrow.
The arrow closely misses the water moccasin.
The water moccasin bites you but does no damage. x2
The orange demon stings you but does no damage.
A cane toad comes into view.
The water moccasin closely misses you.
You shoot an arrow. The arrow hits the water moccasin!
The water moccasin is heavily wounded.
The water moccasin bites you.
Amaemon mumbles some strange words.
The orange demon stings you from afar!
You die...

.## #....
#......
##.......
##.......
####......#
#@S#.....##
####SF......#
#...4F...####
#.#..6s....#
#........##
#....#..###
#......#.#
#.......##
#.>.....


You could see Amaemon, an orange demon (curare), a cane toad, 2 water moccasins,
a bullfrog and a scorpion (summoned).

Vanquished Creatures
  Joseph (D:7)
  A black mamba (Lair:1)
  2 komodo dragons
  2 rime drakes
  A queen bee (Lair:1)
  A hornet (D:8)
  Prince Ribbit (D:5)
  A wyvern (Lair:2)
  6 yaks (Lair:2)
  A basilisk (Lair:1)
  Edmund (D:5)
  6 water moccasins
  2 black bears
  An orc warrior (D:8)
  2 ogres
  7 wolves
  4 sky beasts
  2 centaurs
  A phantom (D:6)
  A kobold brigand (D:7)
  Blork the orc (D:3)
  8 bullfrogs
  A gnoll sergeant (D:7)
  3 scorpions
  23 killer bees (Lair:1)
  6 howler monkeys
  A jelly (D:5)
  7 orc priests
  2 hounds
  7 orc wizards
  Robin (D:3)
  6 gnolls
  7 adders
  3 shadow imps
  2 ufetubi (D:5)
  3 dart slugs
  31 orcs
  8 ball pythons
  2 endoplasms (D:3)
  6 giant cockroaches
  13 goblins
  9 hobgoblins
  4 jackals (D:4)
  7 kobolds
  3 quokkas
  5 bats
  2 frilled lizards (D:1)
  4 rats
219 creatures vanquished.

Vanquished Creatures (others)
  An orc wizard (D:8)
1 creature vanquished.

Grand Total: 220 creatures vanquished

Notes
Turn   | Place    | Note
-------+----------+-------------------------------------------
     0 | D:1      | qw the Gargoyle Hunter began the quest for the Orb.
     0 | D:1      | Reached XP level 1. HP: 12/12 MP: 1/1
     0 | D:1      | 0 ||| qw: Version: 0.3-a-132-g3d54051
     0 | D:1      | 0 ||| qw: Game counter: 255
     0 | D:1      | 0 ||| qw: Melee chars always use a shield: true
     0 | D:1      | 0 ||| qw: God list: Okawaru
     0 | D:1      | 0 ||| qw: Allow faded altars: false
     0 | D:1      | 0 ||| qw: Do Orc after clearing Dungeon:15 true
     0 | D:1      | 0 ||| qw: Do second Lair branch before Depths: true
     0 | D:1      | 0 ||| qw: Lair rune preference: random
     0 | D:1      | 0 ||| qw: Goals: Normal
     0 | D:1      | 0 ||| PLANNING D:1-11
   236 | D:1      | Reached XP level 2. HP: 17/17 MP: 2/2
   283 | D:1      | You fall into a shaft and drop 1 floor!
   284 | D:2      | 284 ||| FLEEEEING.
   285 | D:2      | 285 ||| STAIRDANCE
   710 | D:1      | 710 ||| UPGRADING to +2 pair of boots.
   715 | D:1      | 715 ||| UPGRADING to +0 ring mail.
   725 | D:1      | 725 ||| DROPPING +0 leather armour.
   726 | D:1      | 726 ||| READING scroll labelled WIYGIOSCHATUKIU.
   727 | D:1      | 727 ||| READING scroll labelled QEHUREO HAUQ.
   727 | D:1      | 727 ||| IDENTIFYING amethyst potion
   728 | D:1      | 728 ||| READING scroll labelled ZOTO XIUZUPUNLEUNK.
   729 | D:1      | 729 ||| READING scroll labelled MUMURA DONI.
   730 | D:1      | 730 ||| READING scroll labelled QOFUYS QEILIPP.
   731 | D:1      | 731 ||| DROPPING scroll of butterflies.
   821 | D:2      | Reached skill level 1 in Armour
   821 | D:2      | Reached XP level 3. HP: 21/21 MP: 3/3
  1186 | D:2      | Reached skill level 5 in Ranged Weapons
  1318 | D:2      | 1318 ||| DROPPING amulet of magic regeneration.
  1319 | D:2      | 1319 ||| READING 2 scrolls of identify.
  1319 | D:2      | 1319 ||| IDENTIFYING glowing ruby potion
  1320 | D:2      | 1320 ||| READING scroll of identify.
  1320 | D:2      | 1320 ||| IDENTIFYING 2 viscous blue potions
  1321 | D:2      | 1321 ||| READING scroll labelled SUAKITAORPH.
  1321 | D:2      | 1321 ||| ENCHANTING +0 shortbow.
  1342 | D:3      | Noticed Robin
  1343 | D:3      | 1343 ||| STAIRDANCE
  1350 | D:2      | 1350 ||| FLEEEEING.
  1365 | D:3      | 1365 ||| STAIRDANCE
  1434 | D:3      | 1434 ||| STAIRDANCE
  1450 | D:2      | Reached XP level 4. HP: 15/27 MP: 4/4
  1456 | D:2      | 1456 ||| FLEEEEING.
  1505 | D:3      | 1505 ||| STAIRDANCE
  1517 | D:3      | Killed Robin
  1518 | D:3      | Reached skill level 3 in Fighting
  1518 | D:3      | 1518 ||| STAIRDANCE
  2001 | D:3      | Identified the +3 leather armour "Coah" {Regen+}
  2049 | D:3      | 2049 ||| UPGRADING to +1 helmet.
  2054 | D:3      | 2054 ||| UPGRADING to +3 leather armour "Coah" {Regen+}.
  2064 | D:3      | 2064 ||| DROPPING +0 ring mail.
  2065 | D:3      | 2065 ||| READING 3 scrolls of identify.
  2065 | D:3      | 2065 ||| IDENTIFYING bubbling green potion
  2066 | D:3      | 2066 ||| READING 2 scrolls of identify.
  2066 | D:3      | 2066 ||| IDENTIFYING fizzy purple potion
  2113 | D:4      | Noticed Blork the orc
  2117 | D:4      | 2117 ||| STAIRDANCE
  2125 | D:3      | Reached XP level 5. HP: 29/32 MP: 5/5
  2135 | D:4      | 2135 ||| STAIRDANCE
  2137 | D:3      | 2137 ||| FLEEEEING.
  2146 | D:4      | 2146 ||| STAIRDANCE
  2173 | D:4      | 2173 ||| STAIRDANCE
  2180 | D:3      | Killed Blork the orc
  2181 | D:3      | Reached skill level 6 in Ranged Weapons
  2276 | D:4      | Found a staircase to the Ecumenical Temple.
  2277 | D:4      | 2277 ||| PLANNING TEMPLE
  2277 | D:4      | 2277 ||| READING 2 scrolls of identify.
  2277 | D:4      | 2277 ||| IDENTIFYING scroll labelled TAM LUOVUIMY
  2278 | D:4      | 2278 ||| READING scroll of enchant weapon.
  2278 | D:4      | 2278 ||| ENCHANTING +0 shortbow.
  2279 | D:4      | 2279 ||| READING scroll of identify.
  2279 | D:4      | 2279 ||| IDENTIFYING scroll labelled EWEULOLLU GAPHACUL
  2289 | Temple   | Entered the Ecumenical Temple
  2290 | Temple   | 2290 ||| PLANNING D:1-11
  2454 | D:4      | Noticed a centaur
  2459 | D:4      | Killed a centaur
  2460 | D:4      | Reached XP level 6. HP: 29/39 MP: 6/6
  2680 | D:4      | 2680 ||| UPGRADING to +0 pair of gloves.
  2685 | D:4      | 2685 ||| READING scroll of identify.
  2685 | D:4      | 2685 ||| IDENTIFYING black potion
  2686 | D:4      | 2686 ||| READING scroll labelled PAWKUY LISSO.
  2687 | D:4      | 2687 ||| DROPPING potion of magic.
  2702 | D:5      | Entered Level 5 of the Dungeon
  2702 | D:5      | Noticed Eustachio
  2703 | D:5      | 2703 ||| STAIRDANCE
  2707 | D:5      | 2707 ||| STAIRDANCE
  2732 | D:5      | 2732 ||| STAIRDANCE
  2757 | D:5      | 2757 ||| READING scroll of enchant armour.
  2757 | D:5      | 2757 ||| ENCHANTING +0 pair of gloves.
  2759 | D:5      | Noticed a black bear
  2759 | D:5      | Noticed Edmund
  2765 | D:5      | 2765 ||| RETREEEEATING.
  2766 | D:5      | 2766 ||| RETREEEEATING.
  2767 | D:5      | 2767 ||| RETREEEEATING.
  2768 | D:5      | 2768 ||| RETREEEEATING.
  2769 | D:5      | 2769 ||| RETREEEEATING.
  2770 | D:5      | 2770 ||| RETREEEEATING.
  2771 | D:5      | 2771 ||| RETREEEEATING.
  2772 | D:5      | 2772 ||| RETREEEEATING.
  2790 | D:5      | Killed Edmund
  2797 | D:5      | Killed a black bear
  2798 | D:5      | Reached skill level 7 in Ranged Weapons
  2798 | D:5      | Reached XP level 7. HP: 40/44 MP: 7/7
  2814 | D:5      | 2814 ||| FLEEEEING.
  2815 | D:5      | 2815 ||| FLEEEEING.
  2816 | D:5      | 2816 ||| FLEEEEING.
  2984 | D:5      | Noticed Prince Ribbit
  3009 | D:5      | Killed Prince Ribbit
  3010 | D:5      | Reached skill level 8 in Ranged Weapons
  3108 | D:5      | Reached XP level 8. HP: 48/48 MP: 8/8
  3188 | D:5      | 3188 ||| DROPPING ring of flight.
  3189 | D:5      | 3189 ||| DRINKING 2 ruby potions.
  3190 | D:5      | 3190 ||| DRINKING 2 viscous grey potions.
  3191 | D:5      | 3191 ||| DRINKING 2 silvery potions.
  3192 | D:5      | 3192 ||| DROPPING potion of degeneration.
  3232 | D:6      | Found Fucirho's Jewellery Shop.
  3272 | D:6      | Reached skill level 9 in Ranged Weapons
  3273 | D:6      | 3273 ||| SHOPLISTING +6 ring of strength (468 gold, have
                  | 268).
  3273 | D:6      | 3273 ||| SHOPLISTING amulet of faith (520 gold, have 268).
  3273 | D:6      | 3273 ||| SHOPLISTING ring "Peskyb" {rElec Slay+4 Stlth+}
                  | (1232 gold, have 268).
  3273 | D:6      | 3273 ||| SHOPLISTING ring "Xuniupeima" {rF+ rC+ rN+} (561
                  | gold, have 268).
  3273 | D:6      | 3273 ||| SHOPLISTING ring of protection from cold (325
                  | gold, have 268).
  3273 | D:6      | 3273 ||| BUYING ring of resist corrosion (260 gold).
  3273 | D:6      | Bought a ring of resist corrosion for 260 gold pieces
  3300 | D:6      | Reached skill level 3 in Armour
  3318 | D:6      | 3318 ||| FLEEEEING.
  3319 | D:6      | 3319 ||| FLEEEEING.
  3320 | D:6      | 3320 ||| FLEEEEING.
  3321 | D:6      | 3321 ||| FLEEEEING.
  3322 | D:6      | 3322 ||| FLEEEEING.
  3323 | D:6      | 3323 ||| FLEEEEING.
  3324 | D:6      | 3324 ||| FLEEEEING.
  3325 | D:6      | 3325 ||| FLEEEEING.
  3326 | D:6      | 3326 ||| FLEEEEING.
  3327 | D:6      | 3327 ||| FLEEEEING.
  3328 | D:6      | 3328 ||| FLEEEEING.
  3329 | D:6      | 3329 ||| FLEEEEING.
  3330 | D:6      | 3330 ||| FLEEEEING.
  3331 | D:6      | 3331 ||| FLEEEEING.
  3332 | D:6      | 3332 ||| FLEEEEING.
  3333 | D:6      | 3333 ||| STAIRDANCE
  3359 | D:5      | 3359 ||| UPGRADING to ring of resist corrosion.
  3371 | D:6      | Reached skill level 6 in Fighting
  3374 | D:6      | 3374 ||| STAIRDANCE
  3376 | D:5      | 3376 ||| FLEEEEING.
  3398 | D:6      | 3398 ||| STAIRDANCE
  3415 | D:6      | 3415 ||| FLEEEEING.
  3416 | D:6      | 3416 ||| FLEEEEING.
  3417 | D:6      | 3417 ||| STAIRDANCE
  3440 | D:6      | 3440 ||| STAIRDANCE
  3509 | D:6      | 3509 ||| RETREEEEATING.
  3514 | D:6      | 3514 ||| RETREEEEATING.
  3524 | D:6      | 3524 ||| FLEEEEING.
  3533 | D:6      | Reached skill level 10 in Ranged Weapons
  3542 | D:6      | 3542 ||| SWAPPING to +0 orcbow.
  3543 | D:6      | 3543 ||| DROPPING +1 shortbow.
  3625 | D:6      | Reached XP level 9. HP: 55/55 MP: 9/9
  3638 | D:6      | 3638 ||| FLEEEEING.
  3884 | D:6      | 3884 ||| DROPPING scarf of invisibility.
  3957 | D:7      | Found a runed translucent gate.
  3959 | D:7      | Found a runed translucent gate.
  3966 | D:7      | Found a runed translucent gate.
  3974 | D:7      | Reached skill level 3 in Dodging
  3974 | D:7      | Noticed Joseph
  3976 | D:7      | 3976 ||| RETREEEEATING.
  3977 | D:7      | 3977 ||| RETREEEEATING.
  3978 | D:7      | 3978 ||| RETREEEEATING.
  3979 | D:7      | 3979 ||| RETREEEEATING.
  3980 | D:7      | 3980 ||| RETREEEEATING.
  3981 | D:7      | 3981 ||| RETREEEEATING.
  3982 | D:7      | 3982 ||| RETREEEEATING.
  3983 | D:7      | 3983 ||| RETREEEEATING.
  4037 | D:7      | Killed Joseph
  4113 | D:7      | 4113 ||| FLEEEEING.
  4117 | D:7      | 4117 ||| STAIRDANCE
  4125 | D:6      | 4125 ||| READING 3 scrolls of identify.
  4125 | D:6      | 4125 ||| IDENTIFYING scroll labelled MEGHOC QAOSS
  4126 | D:6      | 4126 ||| DROPPING scroll of fog.
  4255 | D:7      | Found a white marble altar of Elyvilon.
  4256 | D:7      | Found a broken altar of Ashenzari.
  4261 | D:7      | Found a sacrificial altar of Ru.
  4264 | D:7      | Found a blossoming altar of Fedhas.
  4266 | D:7      | Found a burning altar of Makhleb.
  4266 | D:7      | Found a radiant altar of Vehumet.
  4275 | D:7      | 4275 ||| RETREEEEATING.
  4279 | D:7      | 4279 ||| RETREEEEATING.
  4282 | D:7      | 4282 ||| RETREEEEATING.
  4285 | D:7      | 4285 ||| RETREEEEATING.
  4286 | D:7      | 4286 ||| RETREEEEATING.
  4287 | D:7      | 4287 ||| RETREEEEATING.
  4288 | D:7      | 4288 ||| RETREEEEATING.
  4289 | D:7      | 4289 ||| RETREEEEATING.
  4329 | D:7      | Found a stormy altar of Qazlal.
  4331 | D:7      | Found a basalt altar of Yredelemnul.
  4335 | D:7      | Found a sparkling altar of Nemelex Xobeh.
  4394 | D:7      | Noticed qw's ghost (novice GrHu)
  4432 | D:8      | 4432 ||| RETREEEEATING.
  4433 | D:8      | 4433 ||| RETREEEEATING.
  4435 | D:8      | 4435 ||| RETREEEEATING.
  4473 | D:8      | 4473 ||| DRINKING 2 potions of curing.
  4473 | D:8      | 4473 ||| (to cure confusion)
  4475 | D:8      | Reached skill level 11 in Ranged Weapons
  4539 | D:8      | Found a staircase to the Lair.
  4539 | D:8      | Found Wenus's Weapon Emporium.
  4550 | D:8      | Found an iron altar of Okawaru.
  4551 | D:8      | 4551 ||| PLANNING OKAWARU WORSHIP
  4558 | D:8      | Became a worshipper of Warmaster Okawaru
  4559 | D:8      | 4559 ||| PLANNING D:1-11
  4580 | D:8      | Noticed a hornet
  4581 | D:8      | 4581 ||| DRINKING 2 potions of haste.
  4595 | D:8      | Killed a hornet
  4678 | D:8      | Reached XP level 10. HP: 64/64 MP: 10/10
  4761 | D:8      | Found a flagged portal.
  4830 | D:8      | Reached skill level 12 in Ranged Weapons
  4967 | D:8      | 4967 ||| PLANNING LAIR
  4967 | D:8      | 4967 ||| READING 4 scrolls of identify.
  4967 | D:8      | 4967 ||| IDENTIFYING murky clear potion
  4968 | D:8      | 4968 ||| DROPPING potion of attraction.
  5001 | Lair:1   | Entered Level 1 of the Lair of Beasts
  5008 | Lair:1   | 5008 ||| RETREEEEATING.
  5016 | Lair:1   | 5016 ||| RETREEEEATING.
  5043 | Lair:1   | Reached * piety under Okawaru
  5062 | Lair:1   | Reached skill level 1 in Invocations
  5071 | Lair:1   | 5071 ||| FLEEEEING.
  5103 | Lair:1   | 5103 ||| RETREEEEATING.
  5104 | Lair:1   | 5104 ||| RETREEEEATING.
  5110 | Lair:1   | 5110 ||| RETREEEEATING.
  5112 | Lair:1   | 5112 ||| INVOKING Heroism.
  5137 | Lair:1   | 5137 ||| INVOKING Heroism.
  5151 | Lair:1   | Reached skill level 3 in Invocations
  5184 | Lair:1   | 5184 ||| RETREEEEATING.
  5186 | Lair:1   | 5186 ||| RETREEEEATING.
  5218 | Lair:1   | 5218 ||| FLEEEEING.
  5350 | Lair:1   | Reached ** piety under Okawaru
  5445 | Lair:1   | Reached skill level 13 in Ranged Weapons
  5586 | Lair:1   | Noticed a black mamba
  5593 | Lair:1   | 5593 ||| INVOKING Heroism.
  5612 | Lair:1   | Killed a black mamba
  5613 | Lair:1   | Reached skill level 9 in Fighting
  5822 | Lair:1   | Reached XP level 11. HP: 71/71 MP: 14/14
  5949 | Lair:1   | 5949 ||| READING 4 scrolls of identify.
  5949 | Lair:1   | 5949 ||| IDENTIFYING scroll labelled FARHUPU LA VUUMOO
  5950 | Lair:1   | 5950 ||| DROPPING scroll of amnesia.
  5991 | Lair:2   | 5991 ||| STAIRDANCE
  5993 | Lair:1   | 5993 ||| FLEEEEING.
  6113 | Lair:2   | 6113 ||| RETREEEEATING.
  6114 | Lair:2   | 6114 ||| RETREEEEATING.
  6115 | Lair:2   | 6115 ||| RETREEEEATING.
  6120 | Lair:2   | 6120 ||| INVOKING Heroism.
  6185 | Lair:2   | Reached *** piety under Okawaru
  6186 | Lair:2   | Reached skill level 14 in Ranged Weapons
  6196 | Lair:2   | 6196 ||| FLEEEEING.
  6323 | Lair:2   | 6323 ||| RETREEEEATING.
  6379 | Lair:2   | HP: 13/71 [cane toad (12)]
  6380 | Lair:2   | 6380 ||| READING 5 scrolls of teleportation.
  6381 | Lair:2   | 6381 ||| DRINKING potion of heal wounds.
  6385 | Lair:2   | Noticed Amaemon
  6386 | Lair:2   | 6386 ||| RETREEEEATING.
  6386 | Lair:2   | Found a hole to the Spider Nest.
  6387 | Lair:2   | 6387 ||| RETREEEEATING.
  6388 | Lair:2   | 6388 ||| RETREEEEATING.
  6389 | Lair:2   | 6389 ||| RETREEEEATING.
  6390 | Lair:2   | 6390 ||| RETREEEEATING.
  6390 | Lair:2   | HP: 18/72 [water moccasin (4)]
  6390 | Lair:2   | HP: 7/72 [water moccasin (4)]
  6391 | Lair:2   | 6391 ||| READING 4 scrolls of teleportation.
  6393 | Lair:2   | Mangled by an orange demon

Levels and vault maps discovered:
D:1:      eino_arrival_water_star, layout_basic
D:2:      layout_loops_cross
D:3:      layout_loops_cross, uniq_robin
D:4:      layout_cave_pools, minmay_temple_entry_sparse_star,
          minmay_misc_feat_nine_boxes, chequers_garden, uniq_blork_the_orc
D:5:      layout_rooms, palyth_stone_intersect, uniq_eustachio, uniq_edmund,
          uniq_prince_ribbit1
D:6:      layout_rooms, serial_shops, shop, minmay_crystal_water
D:7:      layout_basic, nicolae_overflow_hallway_of_the_gods,
          gammafunk_ghost_necromancy, uniq_joseph
D:8:      layout_basic, okawaru_trees_1, lair_entry_dummy, serial_shops,
          nicolae_shop_bloodbath_and_beyond, enter_bailey_4, minivault_1
Temple:   compressed_dpeg_triangle_lava_temple
Lair:1:   layout_loops_ring, special_room [special_room_bee]
Lair:2:   layout_hall_layers, swamp_mist, dummy_spider_entry,
          beast_lair_carwin_4, grunt_megastairs_3, uniq_amaemon

Skill      XL: |  1  2  3  4  5  6  7  8  9 10 11 |
---------------+----------------------------------+-----
Armour         | 1 3 |  3.0
Ranged Weapons | 5 6 7 8 10 11 13 14 | 14.0
Fighting       | 3 4 6 8 9 |  9.7
Dodging        | 2 3 4 |  4.0
Invocations    | 4 |  4.0
Stealth        | |  1.1

Action                     |  1- 3 |  4- 6 |  7- 9 | 10-12 || total
---------------------------+-------+-------+-------+-------++-------
   Fire: Shortbow          |   103 |   178 |   222 |       ||   503
         Orcbow            |       |       |   252 |   435 ||   687
 Invoke: Heroism           |       |       |       |     4 ||     4
    Use: Scroll            |     8 |     8 |     1 |     4 ||    21
         Potion            |       |       |     5 |     1 ||     6
 Armour: Leather armour    |     5 |    96 |   202 |   318 ||   621
         Ring mail         |    85 |    21 |       |       ||   106
  Dodge: Dodged            |    88 |    82 |   165 |   313 ||   648

Table legend:
 A = Non-vault XP
 B = Vault XP
 C = Vault XP percentage of total XP
 D = Non-vault monster count
 E = Vault monster count
 F = Vault count percentage of total count
                 A         B        C        D         E       F
            +---------+---------+-------+---------+---------+-------
      Total |    7830 |    4581 |  36.9 |     165 |      54 |  24.7
            +---------+---------+-------+---------+---------+-------
        D:1 |      19 |       0 |   0.0 |      14 |       0 |   0.0
        D:2 |      49 |      20 |  29.0 |      14 |      10 |  41.7
        D:3 |      81 |     107 |  56.9 |      15 |       2 |  11.8
        D:4 |     138 |       0 |   0.0 |      13 |       0 |   0.0
        D:5 |     434 |     441 |  50.4 |      20 |       2 |   9.1
        D:6 |    1146 |       0 |   0.0 |      23 |       0 |   0.0
        D:7 |     772 |     471 |  37.9 |      22 |       1 |   4.3
        D:8 |    1328 |      13 |   1.0 |      23 |       5 |  17.9
     Lair:1 |    2454 |    1780 |  42.0 |      14 |      24 |  63.2
     Lair:2 |    1409 |    1749 |  55.4 |       7 |      10 |  58.8
            +---------+---------+-------+---------+---------+-------
